Unix xNetHack Version 7.1.0 - last build Jun 10 2022 16:52:22 (33bbff3b7d1ce07880d5c4b1c5efc7e91935e5b9). Game began 2022-06-28 21:11:15, ended 2022-07-01 00:16:45. jt, lawful male dwarven Archeologist ------------------------------------------- |...............))!).D....................| |................----|---- ............| |...............--...A..%-- ....| |..........%...--....A%...-- | |............(.|...........| ------...--------.....5.))-- --+- --...&...-- -----|----- ---.%4%4%..%--- |....1....445.| |. ----A---- 5| | |a...a..| | |.aA%...| |a@.@...| |.aa@...| |.......| --------- Jt the Speleologist St:18/44 Dx:21 Co:18 In:16 Wi:16 Ch:14 Lawful S:1023932 Astral Plane $:0 HP:221(221) Pw:106(106) AC:-26 Xp:22/226083 T:32764 Latest messages: The priestess of Huhetotl kicks it. "Depart, thou accursed, into everlasting fire!" The Angel of Moloch swings his long sword at the giant beetle. The Angel of Moloch gashes the giant beetle. The giant beetle is killed! The Angel of Huhetotl swings his long sword at the giant beetle. The Angel of Huhetotl slashes the giant beetle. The Angel of Huhetotl swings his long sword at the giant beetle. The Angel of Huhetotl hacks the giant beetle. The giant beetle is killed! You hear a nearby zap. The priestess of Moloch swings her mace at the Angel of Moloch. The priestess of Moloch whacks the Angel of Moloch. The priestess of Moloch kicks the Angel of Moloch. The Angel of Moloch swings her long sword at the priestess of Moloch. The Angel of Moloch hits the priestess of Moloch. The Angel of Moloch swings her long sword at the priestess of Moloch. The Angel of Moloch hits the priestess of Moloch. The Angel of Moloch punches the priestess of Moloch. The Angel of Huhetotl swings his long sword at it. The Angel of Huhetotl misses it. The Angel of Huhetotl swings his long sword at it. The Angel of Huhetotl misses it. The Angel of Huhetotl misses it. The Angel of Huhetotl zaps you with a magic missile! The magic missile whizzes by you! The magic missile hits the high priestess of Quetzalcoatl. The priestess of Moloch swings her mace at the Angel of Moloch. The priestess of Moloch misses the Angel of Moloch. The priestess of Moloch misses the Angel of Moloch. The priestess of Moloch turns to flee. The priestess of Moloch casts a spell! The priestess of Moloch summons insects around your displaced image! The high priestess of Quetzalcoatl wields a mace! The Angel of Moloch swings her long sword at the killer bee. The Angel of Moloch hits the killer bee. The killer bee is killed! There is a high altar to Quetzalcoatl (lawful) here. What do you want to sacrifice? [p or ?*] p You offer the Amulet of Yendor to Quetzalcoatl... An invisible choir sings, and you are bathed in radiance... The voice of Quetzalcoatl rings out: "Mortal, thou hast done well!" "In return for thy service, I grant thee the gift of Immortality!" You ascend to the status of Demigod... Do you want your possessions identified? [ynq] (y) y Do you want to see your attributes? [ynq] (y) y Do you want an account of creatures vanquished? [ynaq] (y) y Do you want a list of species genocided and extinct? [ynq] (y) y Do you want to see your conduct and achievements? [ynq] (y) y Do you want to see the dungeon overview? [ynq] (y) y Major events: Turn 1: jt the lawful male dwarven Archeologist entered the dungeon 2079: attained the rank of Field Worker (level 3) 2312: entered the Gnomish Mines 2561: reached Mine Town 4504: attained the rank of Investigator (level 6) 6696: entered Sokoban 7689: completed sokoban 2 7955: completed sokoban 3 8708: completed sokoban 4 8989: acquired the Sokoban bag of holding 9466: made his first wish - "blessed gray dragon scales" 10176: destroyed nmlkj's ghost, the former Thaumaturge 10223: destroyed the invisible sunewo's ghost, the former Thaumaturge 10951: attained the rank of Exhumer (level 10) 11344: bestowed with Grayswandir by Quetzalcoatl 12132: acquired the Mines' End luckstone 14573: bestowed with Frost Brand by Quetzalcoatl 14936: entered the Bigroom 15013: bestowed with Trollsbane by Quetzalcoatl 19547: attained the rank of Excavator (level 14) 19689: found Demonbane on the floor 20441: bestowed with Sunsword by Quetzalcoatl 20815: killed Medusa 21505: found Vorpal Blade on the floor 22664: found Sting on the floor 22734: entered Gehennom 22922: attained the rank of Spelunker (level 18) 23172: wished for "blessed rustproof ring of teleport control" 23664: was crowned "The Hand of Elbereth" by Quetzalcoatl 23862: killed Schliemann 23862: found Itlachiayaque carried by a monster 23863: acquired the Bell of Opening 25652: killed Asmodeus 25842: performed his first genocide (disenchanters) 26086: found Grimtooth carried by a monster 26426: killed Juiblex 27391: wished for "marker" 27604: destroyed Vlad the Impaler 27605: acquired the Candelabrum of Invocation 27819: killed Baalzebub 28105: killed Orcus 30551: wished for "blessed rustproof ring of free action" 30618: killed the Wizard of Yendor 30630: acquired the Book of the Dead 30640: performed the invocation 30683: wished for "blessed rustproof ring of conflict" 30788: killed the high priestess of Moloch 30790: acquired The Amulet of Yendor 31885: killed the Wizard of Yendor (for the 2nd time; on level 13, the Dungeons of Doom) 31903: attained the rank of Speleologist (level 22) 32359: entered the Elemental Planes 32359: entered Plane of Earth 32360: killed the Wizard of Yendor (for the 3rd time; on the Plane of Earth) 32449: entered Plane of Air 32509: entered Plane of Fire 32536: entered Plane of Water 32695: entered the Astral Plane 32732: killed Death 32739: killed Death (for the 2nd time) 32764: ascended Inventory: Inventory: 927/1000 weight (37/52 slots) Amulets s - a blessed silver amulet of life saving (being worn) {25} Weapons a - the blessed corrodeproof +6 Grayswandir (weapon in hand) {45} Armor d - an uncursed +1 stone orcish helm (being worn) {20} C - a blessed fireproof +4 pair of gauntlets of dexterity (being worn) {8} G - an uncursed fireproof +4 pair of speed boots (being worn) {15} V - the blessed +4 Itlachiayaque (being worn) {50} N - a blessed fireproof +3 cloak of displacement (being worn) {8} k - a blessed gray-scaled +0 leather light armor (being worn) {113} Comestibles Z - an uncursed lizard corpse {10} Scrolls A - an uncursed scroll of taming {5} Potions f - an uncursed potion of paralysis {20} Rings J - a blessed indestructible ring of conflict (on right hand) {3} o - a blessed indestructible ring of free action (on left hand) {3} Wands g - a wand of cold (0:5) {7} B - a wand of death (0:1) {7} x - a wand of digging (0:6) {7} b - a cursed wand of digging (0:2) {7} O - a wand of fire (0:6) {7} F - a wand of fire (0:4) {7} D - a wand of fire (0:1) {7} z - a cursed wand of sleep (0:6) {7} L - a blessed wand of teleportation (0:3) {7} H - a wand of teleportation (0:1) {7} Tools j - a blessed greased bag of holding containing 126 items {415} v - an uncursed oilskin sack named cancellation etc containing 3 items {36} K - an uncursed mithril bugle {5} n - a cursed can of grease (0:2) {15} U - an uncursed magic lamp (lit) {20} q - an uncursed wooden skeleton key {1} R - an uncursed towel {5} u - a blessed +0 unicorn horn {20} Gems/Stones X - a cursed agate stone {1} e - an uncursed amber stone {1} y - an uncursed amethyst stone {1} Y - an uncursed aquamarine stone {1} h - an uncursed fluorite stone {1} E - a blessed luckstone {10} Contents of the bag of holding: an uncursed copper amulet of ESP an uncursed copper amulet of magical breathing an uncursed amulet of unchanging 4 +0 silver darts a +1 athame a fireproof +4 wooden aklys named enchanted the blessed rustproof +1 Vorpal Blade an uncursed +0 cornuthaum an uncursed rusty -3 helm of opposite alignment an uncursed +0 copper shield of reflection an uncursed +0 cloak of magic resistance a blessed +0 robe an uncursed carrot 4 uncursed cloves of garlic an uncursed cram ration an uncursed eucalyptus leaf 2 uncursed fortune cookies 2 uncursed lembas wafers 4 uncursed lumps of royal jelly an uncursed sprig of wolfsbane an uncursed tin of floating eye meat an uncursed tin of tengu meat 5 uncursed eggs an uncursed lizard corpse 2 uncursed lizard corpses 5 blessed scrolls of blank paper 2 uncursed scrolls of blank paper 2 cursed scrolls of blank paper 2 blessed scrolls of charging an uncursed scroll of confuse monster a cursed scroll of confuse monster 2 uncursed scrolls of create monster an uncursed scroll of destroy armor a blessed scroll of earth an uncursed scroll of earth an uncursed scroll of enchant armor 5 uncursed scrolls of enchant weapon a cursed scroll of enchant weapon 3 uncursed scrolls of fire a cursed scroll of gold detection 3 uncursed scrolls of identify 6 uncursed scrolls of remove curse 2 uncursed scrolls of scare monster 3 uncursed scrolls of stinking cloud 6 uncursed potions of gain level 2 uncursed potions of polymorph 2 blessed potions of restore ability 19 potions of holy water an uncursed +4 ring of adornment an uncursed ring of fire resistance an uncursed +3 ring of gain constitution an uncursed +2 ring of gain constitution a blessed ring of levitation an uncursed ring of poison resistance an uncursed ring of polymorph a cursed ring of polymorph an uncursed ring of polymorph control an uncursed ring of polymorph control a cursed ring of regeneration an uncursed ring of searching an uncursed ring of see invisible an uncursed ring of slow digestion an uncursed indestructible ring of teleport control an uncursed ring of teleportation a wand of cold (0:4) a wand of death (0:6) a wand of death named Orcus (0:3) a wand of digging (0:7) a wand of enlightenment (0:15) a wand of fire (0:8) a wand of fire (0:1) a wand of light (0:13) a wand of light (0:11) a wand of light (0:11) a wand of lightning (0:5) a wand of lightning (0:4) a wand of lightning (0:1) a wand of make invisible (0:7) a wand of opening (0:7) a wand of polymorph (0:6) a wand of probing (0:6) a wand of probing (0:2) a wand of secret door detection (0:14) a wand of secret door detection (0:9) a wand of sleep (0:6) a wand of sleep (0:5) a wand of sleep (0:3) a wand of slow monster (0:6) a wand of speed monster (0:7) a wand of striking (0:8) a wand of striking (0:3) a wand of teleportation (0:6) a wand of teleportation (0:4) a wand of undead turning (0:8) a wand of undead turning (0:7) a wand of undead turning (0:5) a wand of wishing (0:1) a wand of wishing (0:1) a wand of wishing named castle (0:1) a +0 mithril grappling hook an uncursed iron magic lamp a magic marker (0:61) a magic marker (1:17) an uncursed magic whistle an uncursed magic whistle an uncursed magic whistle a +0 wooden pick-axe an uncursed silver skeleton key an uncursed tallow candle an uncursed partly used tallow candle a +0 unicorn horn 6 uncursed wax candles an uncursed agate stone 2 uncursed amethyst stones 3 uncursed chrysoberyl stones 3 uncursed diamonds 2 uncursed dilithium crystals an uncursed garnet stone 3 uncursed jet stones an uncursed obsidian stone an uncursed opal 2 uncursed rubies an uncursed sapphire 2 uncursed topaz stones an uncursed turquoise stone an uncursed touchstone Contents of the oilskin sack named cancellation etc: a wand of cancellation (0:7) a wand of cancellation (0:4) a wand of cancellation (0:4) Jt the Archeologist's attributes: Background: You were a Speleologist, a level 22 male dwarven Archeologist. You were lawful, on a mission for Quetzalcoatl who was opposed by Camaxtli (neutral) and Huhetotl (chaotic). You were heterosexual. You were in the endgame, on the Astral Plane. You entered the dungeon 32764 turns ago. It was the midnight hour. There was a new moon in effect when your adventure ended. You had 226083 experience points, 11917 more were needed for level 23. Your score was 1023932 before end-of-game adjustments. Basics: You had all 221 hit points. You had all 106 energy points (spell power). Your armor class was -26. Your wallet was empty. Autopickup was off. Final Characteristics: Your strength was 18/44 (limit:18/100). Your dexterity was 21 (base:17, peak:18, innate limit:20). Your constitution was 18 (limit:20). Your intelligence was 16 (limit:16). Your wisdom was 16 (limit:16). Your charisma was 14 (limit:16). Final Status: You were not hungry. You were unencumbered. You were wielding a saber. You had expert skill with saber. Final Attributes: You were the Hand of Elbereth. You were piously aligned. You were magic-protected. You were fire resistant. You were cold resistant. You were sleep resistant. You were disintegration-resistant. You were shock resistant. You were poison resistant. You resisted hallucinations. You were telepathic. You were warned. You had automatic searching. You had infravision. You were displaced. You were stealthy. You caused conflict. You had a moderate defense bonus (+9). You were warded. You were very fast. You had reflection. You had free action. Your life would have been saved. You were extremely lucky. You had extra luck. Good luck did not time out for you. You survived. Miscellaneous: You encountered 1 bones level. Total elapsed playing time was 8 hours, 44 minutes and 13 seconds. Vanquished creatures: Asmodeus Baalzebub Orcus Juiblex the Wizard of Yendor (thrice) Death (twice) Vlad the Impaler 2 arch-liches a high cleric Medusa 7 krakens 3 iron golems 7 master liches 2 storm giants 2 balrogs Schliemann 2 purple worms a gray dragon 2 silver dragons 4 red dragons 2 white dragons 2 black dragons 2 blue dragons 2 green dragons 2 yellow dragons 14 minotaurs 2 baluchitheria 7 Angels 2 demiliches 3 Olog-hai a master mind flayer 3 Nazgul 5 pit fiends a sandestin a hell hound 3 displacer beasts 2 titanotheres 4 trappers a disenchanter 33 vampire leaders 6 shades 4 skeletons 13 aligned clerics 4 captains 6 liches 8 nurses 5 ice devils 3 nalfeshnees a mumak 7 lurkers above an Aleax a frost giant a golden naga a black pudding 32 vampires 5 lieutenants 3 archeologists a barbarian 3 queen bees 2 winged gargoyles 8 giant mimics 4 orc-captains a long worm 5 zruties a fire giant 3 ogre tyrants 5 elven monarchs 4 rock trolls 3 umber hulks 3 flesh golems 2 doppelgangers 4 hezrous 2 bone devils 6 large mimics 7 wumpuses 2 fire vortices 6 stalkers 6 air elementals 4 fire elementals 7 earth elementals 9 water elementals 2 giant mummies 7 elf-nobles 5 xorns 23 giant zombies 6 sergeants 10 barbed devils 9 vrocks 6 salamanders 6 wargs 2 winter wolves 3 hell hound pups 33 small mimics 6 warhorses 11 xans an ettin mummy 4 ogre leaders 13 trolls 6 quantum mechanics a wood golem an erinys 4 mariliths 6 sharks an electric eel 3 gelatinous cubes 4 pyrolisks 2 large dogs 2 flaming spheres a shocking sphere 4 large cats 4 tigers 2 gargoyles a dwarf ruler a tengu 7 ochre jellies 4 leocrottas 2 energy vortices a mountain centaur a stone giant 7 elf mummies 92 human mummies a red naga 2 green slimes 5 Grey-elves 3 pythons 6 pit vipers 6 cobras 45 wraiths 5 carnivorous apes 10 ettin zombies 2 leather golems 38 soldiers a watchman 3 amorous demons 6 horned devils 6 chameleons 3 crocodiles 12 giant beetles 2 quivering blobs 18 cockatrices 10 wolves 3 winter wolf cubs 2 lynxes 2 panthers 7 gremlins a spotted jelly 2 leprechauns 3 mountain nymphs 8 iron piercers 17 giant spiders 4 scorpions 4 horses an ice vortex a black light 6 vampire bats 5 forest centaurs a gnome ruler 2 orc mummies 6 dwarf mummies 4 ogres 3 brown puddings a Green-elf 10 rust monsters 10 owlbears 9 yetis a gold golem 4 werewolves 13 piranha 14 giant eels 13 lizards a student a chickatrice 2 dingoes 4 jaguars 6 blue jellies 5 water nymphs 2 gray unicorns 4 dust vortices 29 ravens 8 plains centaurs 4 gnome mummies 14 Woodland-elves 17 snakes 40 ghosts 3 apes 18 human zombies 2 rope golems 12 soldier ants 3 fire ants 2 imps 5 lemures 14 quasits 2 wood nymphs 22 bugbears 6 Mordor orcs an Uruk-hai 2 orc shamans 9 rock piercers 8 rock moles 2 ponies 3 fog clouds 10 yellow lights 6 shriekers 7 violet fungi a black mold 13 gnome leaders 13 kobold mummies a red naga hatchling a gray ooze a barrow wight 9 elf zombies 17 ghouls 2 straw golems a paper golem 5 jellyfish 8 giant ants a little dog 9 floating eyes a kitten 3 dwarves 5 homunculi 3 kobold leaders 7 kobold shamans 12 hill orcs 11 rothes a centipede 5 giant bats 3 monkeys 11 orc zombies 11 dwarf zombies 3 werejackals 15 iguanas 41 killer bees 2 acid blobs 10 coyotes 2 gas spores 4 hobbits a manes 5 large kobolds 15 hobgoblins 3 giant rats 3 cave spiders 2 brown molds 4 yellow molds 2 green molds 4 red molds 19 gnomes 16 garter snakes 18 gnome zombies 11 geckos 10 jackals a fox 4 kobolds 9 goblins 2 sewer rats 7 grid bugs 2 bats 12 lichens 15 kobold zombies 9 newts 1661 creatures vanquished. Genocided or extinct species: disenchanters erinyes (extinct) 1 species genocided. 1 species extinct. Voluntary challenges: You read items or engraved 102 times. You genocided 1 type of monster. You never polymorphed an object. You never changed form. You used 5 wishes. You did not wish for any artifacts. You were celibate. You violated the special Sokoban rules once. Achievements: You entered a shop. You attained the rank of Field Worker. You entered the Gnomish Mines. You entered Minetown. You entered a temple. You attained the rank of Investigator. You entered Sokoban. You completed Sokoban. You attained the rank of Exhumer. You handled the Bell of Opening. You entered the Big Room. You attained the rank of Excavator. You defeated Medusa. You learned the tune to open and close the Castle's drawbridge. You entered Gehennom. You attained the rank of Spelunker. You handled the Bell of Opening. You handled the Candelabrum of Invocation. You handled the Book of the Dead. You gained access to Moloch's Sanctum. You attained the rank of Speleologist. You reached the Elemental Planes. You reached the Astral Plane. You delivered the Amulet of Yendor. You ascended! The Elemental Planes: Astral Plane: <- You are here. A temple to Quetzalcoatl. Plane of Water: Plane of Fire: Plane of Air: Plane of Earth: The Dungeons of Doom: levels 1 to 28 Level 1: Level 2: A general store, a fountain, a tree. Level 3: "books" An armor shop. Level 4: A general store, an altar to Quetzalcoatl, a tree. Stairs down to The Gnomish Mines. Level 5: Some fountains. Level 6: A general store, a fountain. Level 7: Many fountains, many trees. Oracle of Delphi. Level 8: A sink. Stairs up to Sokoban, level 7. Level 9: Level 10: Level 11: A fountain. Level 12: A fountain. Level 13: "stash2" Some altars to Quetzalcoatl. Portal to The Quest. Level 14: A temple to Quetzalcoatl, many fountains. Level 15: Many trees. A very big room. Level 16: An untended shop, a fountain. Level 17: A fountain, some graves. Level 18: Level 19: Many trees. Level 20: Level 21: Level 22: Level 23: Many altars, a fountain. Level 24: Some fountains, a sink. Level 25: A fountain, many trees. Level 26: A temple, many graves. Level 27: A fountain. Level 28: "castle" A fountain. The castle (play notes "EFCCD" to open or close drawbridge). Connection to Gehennom. Gehennom: levels 29 to 49 Level 29: A temple, many graves. Valley of the Dead. Level 30: "Asmodeus" Level 31: Level 32: A temple, some graves. Level 33: Level 34: A grave. Level 35: Some fountains. Level 36: A temple. Level 37: "Baalzebub" Stairs up to Vlad's Tower, level 36. Level 38: Level 39: Many graves. Level 40: A fountain. Level 41: "Orcus" Some shops, an altar, a grave. Level 42: Level 43: Level 44: Level 45: Level 46: Level 47: "Wizard portal" Level 48: Level 49: A temple, many graves. Moloch's Sanctum. The Gnomish Mines: levels 5 to 13 Level 5: Level 6: Level 7: Many shops, a temple, some fountains. Level 8: Level 9: Level 10: Level 11: Some graves. Final resting place for nmlkj-Wiz-Hum-Mal-Cha, killed by a soldier ant, sunewo-Wiz-Hum-Mal-Neu, killed by a soldier ant. Level 12: Level 13: The Quest: levels 1 to 6 Level 1: A fountain, some graves, many trees. Completed quest for Lord Carnarvon. Level 2: Many trees. Level 3: Some altars, many trees. Level 4: Level 5: Level 6: . Sokoban: levels 7 up to 4 Level 4: Solved. Level 5: Solved. Level 6: Solved. Level 7: Unsolved. Vlad's Tower: levels 36 up to 33 Level 33: Level 34: Level 35: Level 36: Goodbye jt the Demigod... You went to your reward with 2133064 points, Grayswandir (worth 8000 zorkmids and 20000 points) Vorpal Blade (worth 4000 zorkmids and 10000 points) Itlachiayaque (worth 3500 zorkmids and 8750 points) 3 diamonds (worth 12000 zorkmids), 3 jet stones (worth 2550 zorkmids), 3 chrysoberyl stones (worth 2100 zorkmids), 3 amethyst stones (worth 1800 zorkmids), 2 dilithium crystals (worth 9000 zorkmids), 2 rubies (worth 7000 zorkmids), 2 topaz stones (worth 1800 zorkmids), 2 agate stones (worth 400 zorkmids), 1 sapphire (worth 3000 zorkmids), 1 turquoise stone (worth 2000 zorkmids), 1 aquamarine stone (worth 1500 zorkmids), 1 amber stone (worth 1000 zorkmids), 1 opal (worth 800 zorkmids), 1 garnet stone (worth 700 zorkmids), 1 fluorite stone (worth 400 zorkmids), 1 obsidian stone (worth 200 zorkmids), 1 amulet of ESP (worth 150 zorkmids), 1 amulet of life saving (worth 150 zorkmids), 1 amulet of unchanging (worth 150 zorkmids), 1 amulet of magical breathing (worth 150 zorkmids), and 0 pieces of gold, after 32764 moves. You were level 22 with a maximum of 221 hit points when you ascended.